 Dungeon Crawl Stone Soup version 0.20.1-1-g8b1a95d (webtiles) character file.

462 dohliylev the Covert (level 6, 0/41 HPs)
             Began as a Vampire Enchanter on July 15, 2017.
             Slain by a worker ant (6 damage)
             ... on level 4 of the Dungeon.
             The game lasted 00:16:11 (3918 turns).

dohliylev the Covert (Vampire Enchanter)            Turns: 3918, Time: 00:16:13

Health: 0/41       AC:  2    Str:  7    XL:     6   Next: 79%
Magic:  4/9        EV: 12    Int: 20    God:
Gold:   246        SH:  0    Dex: 14    Spells: 3/9 levels left

rFire    . . .     SeeInvis +   a - +1 dagger
rCold    . . .     Gourm    .   (no shield)
rNeg     . . .     Faith    .   b - +0 robe
rPois    .         Spirit   .   (no helmet)
rElec    .         Reflect  .   (no cloak)
rCorr    .         Harm     .   (no gloves)
MR       .....                  (no boots)
Stlth    ++++......             (no amulet)
Regen    0.4/turn               s - ring of flight
MPRegen  0.2/turn               (no ring)

@: regenerating quickly
A: fangs 3, see invisible, unbreathing
a: Evoke Flight


You were on level 4 of the Dungeon.
You were almost alive.

You visited 1 branch of the dungeon, and saw 5 of its levels.
You also visited: Sewer.

You collected 246 gold pieces.

Inventory:

Hand Weapons
 a - a +1 dagger (weapon)
 l - a +2 short sword of speed
Armour
 b - a +0 robe (worn)
Jewellery
 s - a ring of flight (left hand)
Wands
 e - a wand of confusion (22/48)
Scrolls
 i - a scroll of immolation {unknown}
 m - a scroll of remove curse {unknown}
 n - 2 scrolls of fear {unknown}
 p - 2 scrolls of recharging
Potions
 d - 9 potions of blood
 f - a potion of resistance {unknown}
 g - a potion of invisibility {unknown}
 h - a potion of brilliance {unknown}
 j - 2 potions of berserk rage {unknown}
 k - a potion of flight {unknown}
 o - a potion of heal wounds {unknown}
 q - a potion of might {unknown}
 r - 2 potions of lignification {unknown}
 t - a potion of curing {unknown}
Books
 c - a book of Maledictions

   Spells                             Type                      Level
   a - Corona                         Hexes                        1
   b - Ensorcelled Hibernation        Hexes/Ice                    2
   c - Confuse                        Hexes                        3
   d - Tukima's Dance                 Hexes                        3
   e - Dazzling Spray                 Conjuration/Hexes            3


   Skills:
 + Level 5.1 Short Blades
 - Level 2.1 Dodging
 - Level 8.1 Stealth
 - Level 2.0 Spellcasting
 - Level 6.3 Hexes


You had 3 spell levels left.
You knew the following spells:

 Your Spells              Type           Power        Failure   Level  Hunger
a - Corona                Hex            ####...      1%          1    #......
b - Ensorcelled Hibernat  Hex/Ice        ##....       6%          2    ##.....
c - Confuse               Hex            ####....     3%          3    ###....


Dungeon Overview and Level Annotations

Branches:
Dungeon (5/15)             Temple (0/1) D:5

Altars:
Dithmenos
Sif Muna

Annotations:
D:5 exclusion: oklob sapling


Innate Abilities, Weirdness & Mutations

Your natural rate of healing is unusually fast.
You have razor-sharp teeth.
You have supernaturally acute eyesight. (SInv)
You can survive without breathing.


Message History

The centaur shoots an arrow.
The arrow misses you.
You see here 2 arrows.
The centaur shoots an arrow.
The arrow misses you.
The orc wizard gestures wildly while chanting.
The orc wizard seems to speed up.
The orc wizard looks braver for a moment.
There is a stone staircase leading up here.
The centaur shoots an arrow.
The arrow hits you!
* * * LOW HITPOINT WARNING * * *
You climb upwards.
The worker ant twitches its antennae in your direction.
The ogre barely misses you.
The orc throws a tomahawk.
The tomahawk closely misses you.
The tomahawk closely misses the ogre.
There is a stone staircase leading down here.
The orc throws a tomahawk.
The tomahawk closely misses you.
The tomahawk completely misses the ogre.
You see here a tomahawk.
Your magical contamination has completely faded away.
The worker ant bites you.
You die...

####### #......
########### #.#####
#.(.>(....####.#####
#.####............##
#.###.......##.##.##
#.#.aO......##..o...
#.#@#.......#####...
#.#.##....### ####
#..#......# #
##..####....$ ######
#.## #..... #.>...
#.# ......#.####
##<# .....#.####
#..# ......%#..o
#.## o....#.##


You could see an ogre and a worker ant.

Vanquished Creatures
  Purgy (Sewer)
  A sky beast (D:5)
  3 orc wizards (D:3)
  A worker ant (D:3)
  3 gnolls (D:5)
  3 adders
  An ooze (D:2)
  2 adder skeletons
  2 worms
  A leopard gecko (D:2)
  9 orcs
  A bat zombie (D:2)
  3 giant cockroaches
  6 hobgoblins
  8 kobolds
  3 quokkas
  3 ball pythons
  14 bats
  A frilled lizard (D:3)
  17 goblins
  A jackal zombie (D:2)
  A leopard gecko skeleton (D:2)
  A quokka zombie (D:2)
  6 rats
92 creatures vanquished.

Notes
Turn   | Place    | Note
-------+----------+-------------------------------------------
     0 | D:1      | dohliylev the Vampire Enchanter began the quest for the Orb.
     0 | D:1      | Reached XP level 1. HP: 13/13 MP: 3/3
   290 | D:1      | Reached skill level 5 in Stealth
   322 | D:1      | Reached XP level 2. HP: 16/19 MP: 5/5
   330 | D:1      | Learned a level 2 spell: Ensorcelled Hibernation
  1013 | D:2      | Reached XP level 3. HP: 23/24 MP: 4/6
  1044 | D:2      | Reached skill level 6 in Stealth
  1451 | D:2      | Found a shadowy altar of Dithmenos.
  1630 | D:2      | Reached XP level 4. HP: 30/30 MP: 2/7
  1719 | D:2      | Learned a level 3 spell: Confuse
  1835 | D:2      | Reached skill level 7 in Stealth
  2411 | D:3      | Reached XP level 5. HP: 10/35 MP: 3/8
  2840 | D:3      | Reached skill level 8 in Stealth
  3276 | D:3      | Reached skill level 5 in Hexes
  3280 | D:3      | Found a deep blue altar of Sif Muna.
  3465 | D:4      | Noticed an ogre
  3507 | D:5      | Entered Level 5 of the Dungeon
  3535 | D:5      | Found a staircase to the Ecumenical Temple.
  3556 | D:5      | Found a glowing drain.
  3662 | Sewer    | Entered a sewer
  3716 | Sewer    | Noticed Purgy
  3725 | Sewer    | Killed Purgy
  3725 | Sewer    | Reached XP level 6. HP: 41/41 MP: 6/9
  3852 | D:5      | Noticed a sky beast
  3860 | D:5      | Killed a sky beast
  3860 | D:5      | Reached skill level 5 in Short Blades
  3918 | D:4      | Slain by a worker ant

Skill      XL: |  1  2  3  4  5  6 |
---------------+-------------------+-----
Stealth        | 5 6 7 8 |  8.1
Short Blades   | 2 3 5 |  5.1
Hexes          | 6 |  6.3
Dodging        | |  2.1
Spellcasting   | |  2.0

Action                   |  1- 3 |  4- 6 || total
-------------------------+-------+-------++-------
Melee: Dagger            |   115 |   138 ||   253
       Bite              |     3 |    10 ||    13
 Cast: Corona            |     2 |     4 ||     6
       Ensorcelled Hiber |    18 |    51 ||    69
       Confuse           |       |     2 ||     2
 Abil: End Transformatio |       |     3 ||     3
       Bat Form          |       |     3 ||     3
  Use: Scroll            |       |     5 ||     5
       Potion            |       |     7 ||     7
 Stab: Sleeping          |    21 |    34 ||    55
  Eat: Corpse            |     9 |    11 ||    20
Armor: Robe              |    15 |    31 ||    46
Dodge: Dodged            |    60 |   123 ||   183
